 Dungeon Crawl Stone Soup version 0.19.5 (webtiles) character file.

14 tidbits the Shooter (level 2, -2/19 HPs)
             Began as a High Elf Hunter on July 13, 2017.
             Slain by a jackal (3 damage)
             ... on level 2 of the Dungeon.
             The game lasted 00:01:43 (91 turns).

tidbits the Shooter (High Elf Hunter)                 Turns: 91, Time: 00:01:44

Health: -2/19      AC:  3    Str: 11    XL:     2   Next: 27%
Magic:  3/3        EV: 12    Int: 14    God:
Gold:   0          SH:  0    Dex: 15    Spells: 0 memorised, 1 level left

rFire  . . .     SeeInvis .     a - +1 shortbow
rCold  . . .     Gourm    .     c - +0 leather armour
rNeg   . . .     Faith    .     (shield currently unavailable)
rPois  .         Spirit   .     (no helmet)
rElec  .         Reflect  .     (no cloak)
rCorr  .         Harm     .     (no gloves)
MR     .....                    (no boots)
Stlth  ++........               (no amulet)
                                (no ring)
                                (no ring)

@: no status effects
A: no striking features
a: no special abilities


You were on level 2 of the Dungeon.
You were not hungry.

You visited 1 branch of the dungeon, and saw 2 of its levels.

Inventory:

Hand Weapons
 a - a +1 shortbow (weapon)
 b - a +0 short sword
Missiles
 d - an arrow (quivered)
 g - 17 stones
Armour
 c - a +0 leather armour (worn)
Scrolls
 e - a scroll of identify {unknown}
 h - a scroll of random uselessness {unknown}
 i - a scroll of teleportation {unknown}
Comestibles
 f - a bread ration


   Skills:
 - Level 2.0 Fighting
 + Level 6.1 Bows
 - Level 2.1 Dodging
 - Level 1.1 Stealth


You had one spell level left.
You didn't know any spells.

Dungeon Overview and Level Annotations

Branches:
Dungeon (2/15)

Altars:


Message History

Press: ? - help, Shift-Dir - straight line, f/p - goblin
Aim: a goblin, wielding a dagger (moderately wounded)
You shoot an arrow.
The arrow barely misses the leopard gecko.
The jackal barks!
The arrow hits the goblin.
The goblin is heavily wounded.
The leopard gecko bites you.
* * * LOW HITPOINT WARNING * * *
Firing (i - inventory. (,) - cycle):
d - 7 arrows (quivered)
Press: ? - help, Shift-Dir - straight line, f/p - goblin
Aim: a goblin, wielding a dagger (moderately wounded)
You shoot an arrow.
The arrow barely misses the leopard gecko.
The arrow hits the goblin!
You kill the goblin!
The leopard gecko misses you.
Firing (i - inventory. (,) - cycle):
d - 6 arrows (quivered)
Press: ? - help, Shift-Dir - straight line, f/p - goblin
Aim: a goblin, wielding a dagger (moderately wounded)
You shoot an arrow. The arrow hits the leopard gecko.
The leopard gecko is heavily wounded.
The leopard gecko barely misses you. x2
A jackal comes into view.
Firing (i - inventory. (,) - cycle):
d - 5 arrows (quivered)
Press: ? - help, Shift-Dir - straight line, f/p - goblin
Aim: a goblin, wielding a dagger (moderately wounded)
You shoot an arrow. The jackal barks!
The arrow hits the leopard gecko!
You kill the leopard gecko!
Your Bows skill increases to level 6!
The jackal bites you.
* * * LOW HITPOINT WARNING * * *
Firing (i - inventory. (,) - cycle):
d - 4 arrows (quivered)
Press: ? - help, Shift-Dir - straight line, f/p - goblin
Aim: a goblin, wielding a dagger (moderately wounded)
You shoot an arrow. The arrow hits the goblin.
You kill the goblin!
The jackal completely misses you.
Things that are here:
a dagger; 2 arrows; a leopard gecko corpse The jackal barely misses you.
You see here 2 arrows.
Firing (i - inventory. (,) - cycle):
d - 3 arrows (quivered)
Press: ? - help, Shift-Dir - straight line, f - jackal
Aim: a jackal You shoot an arrow.
The arrow hits the jackal.
The jackal is severely wounded.
The jackal closely misses you.
Firing (i - inventory. (,) - cycle):
d - 2 arrows (quivered)
Press: ? - help, Shift-Dir - straight line, f/p - jackal
Aim: a jackal You shoot an arrow.
The arrow closely misses the jackal.
The arrow hits the jackal.
The jackal is heavily wounded.
The jackal barely misses you.
Firing (i - inventory. (,) - cycle):
d - an arrow (quivered)
Press: ? - help, Shift-Dir - straight line, f - jackal, p - jackal
Aim: a jackal (severely wounded)
You shoot an arrow. The arrow closely misses the jackal.
The arrow barely misses the jackal.
The jackal bites you but does no damage.
Press: ? - help, v - describe, . - travel, g - get item An arrow.
The floor, spattered with blood.
d - 2 arrows The jackal bites you.
* * * LOW HITPOINT WARNING * * *
A jackal comes into view.
Firing (i - inventory. (,) - cycle):
d - 2 arrows (quivered)
Press: ? - help, Shift-Dir - straight line, f/p - jackal
Aim: a jackal (severely wounded)
You shoot an arrow. The arrow closely misses the jackal.
The arrow barely misses the jackal.
The jackal barks!
The jackal bites you.
* * * LOW HITPOINT WARNING * * *
The jackal barely misses you.
Unknown command.
Firing (i - inventory. (,) - cycle):
d - an arrow (quivered)
Press: ? - help, Shift-Dir - straight line, f - jackal, p - jackal
Aim: a jackal You shoot an arrow.
The arrow hits the jackal!
You kill the jackal!
Throwing (i - inventory):
g - 17 stones (quivered)
Press: ? - help, Shift-Dir - straight line, f/p - jackal
Aim: a jackal
Okay, then.
Unknown command.
You see here an arrow.
d - an arrow The jackal barely misses you.
The jackal bites you but does no damage.
The jackal closely misses you. The jackal bites you.
* * * LOW HITPOINT WARNING * * *
You aren't carrying any potions.
Unknown command.
The jackal bites you.
You die...

... ... ... ..#
#.# ..# #.# h.#
##.## ..#
#..(###..###.# #
#....)(.......
#.###h.#####.#.###
#.(<@h.....# #
#..##.)....# #..
#.##...# #.. ...
.....
##l#...#..####
#...... .#
.%.......# ## ...#


You could see 2 jackals.

Vanquished Creatures
  A dart slug (D:1)
  A leopard gecko (D:2)
  A bat (D:1)
  3 goblins
  A jackal (D:2)
  A kobold (D:2)
  2 frilled lizards
10 creatures vanquished.

Notes
Turn   | Place    | Note
-------+----------+-------------------------------------------
     0 | D:1      | tidbits the High Elf Hunter began the quest for the Orb.
     0 | D:1      | Reached XP level 1. HP: 14/14 MP: 2/2
    62 | D:2      | Reached XP level 2. HP: 16/19 MP: 3/3
    77 | D:2      | Reached skill level 6 in Bows
    90 | D:2      | HP: 1/19 [jackal (3)]
    91 | D:2      | Slain by a jackal

Skill      XL: |  1  2 |
---------------+-------+-----
Bows           | 6 |  6.1
Fighting       | |  2.0
Dodging        | |  2.1
Stealth        | |  1.1

Action                   || total
-------------------------++-------
 Fire: Shortbow          ||    27
Armor: Leather armour    ||     3
Dodge: Dodged            ||    17

Table legend:
 A = Turns spent in this place as a percentage of turns spent in the entire game.
 B = Non-inter-level travel turns spent in this place as a percentage of non-inter-level travel turns spent in the entire game.
 C = Inter-level travel turns spent in this place as a percentage of turns spent in this place.
 D = Turns resting spent in this place as a percentage of non-inter-level travel turns spent in this place.
 E = Turns spent auto-exploring this place as a percentage of non-inter-level travel turns spent in this place.
 F = Non-inter-level travel turns spent in this place divided by the number of levels of this place that you've seen.
                   A       B       C       D       E      F
               +-------+-------+-------+-------+-------+----------------------
         Total | 100.0 | 100.0 |   0.0 |   0.0 |   0.0 |  47.0
       Dungeon | 100.0 | 100.0 |   0.0 |   0.0 |   0.0 |  47.0
               +-------+-------+-------+-------+-------+----------------------

Table legend:
 A = Kills in this place as a percentage of kills in entire the game.
 B = Kills by you in this place as a percentage of kills by you in the entire game.
 C = Kills by friends in this place as a percentage of kills by friends in the entire game.
 D = Other kills in this place as a percentage of other kills in the entire game.
 E = Experience gained in this place as a percentage of experience gained in the entire game.
 F = Experience gained in this place divided by the number of levels of this place that you have seen.
                   A       B       C       D       E      F
               +-------+-------+-------+-------+-------+----------------------
         Total | 100.0 | 100.0 |  -nan |  -nan | 100.0 |  10.0
       Dungeon | 100.0 | 100.0 |  -nan |  -nan | 100.0 |  10.0
               +-------+-------+-------+-------+-------+----------------------

Vault maps used:
D:1:      dpeg_arrival_central
D:2:      minmay_misc_feat_more_columns
